 Dungeon Crawl Stone Soup version 0.18-a0-9-gd4dcb6f (webtiles) character file.

135 Hedron the Insei (level 5, 0/27 HPs)
             Began as a Vine Stalker Monk on Nov 1, 2015.
             Slain by Vex's ghost (12 damage)
             ... in an ossuary.
             The game lasted 00:07:11 (2143 turns).

Hedron the Insei (Vine Stalker Monk)                Turns: 2143, Time: 00:07:11

Health: 0/27       AC: 10    Str: 19    XL:     5   Next: 18%
Magic:  0/6        EV: 12    Int: 10    God:
Gold:   166        SH:  0    Dex: 17    Spells: 0 memorised, 4 levels left

rFire  . . .     SeeInvis .       - Unarmed
rCold  . . .     Clarity  .     q - +5 ring mail of the Original Sin {Str+5}
rNeg   . . .     SustAt   +     (no shield)
rPois  .         Gourm    .     (no helmet)
rElec  .         Spirit   +     (no cloak)
rCorr  .         Warding  .     (no gloves)
rMut   .         Stasis   .     (no boots)
MR     .....                    i - amulet of rage
Stlth  ++........               f - ring of flight
                                e - ring of sustain attributes

@: not resistant to hostile enchantments, unstealthy
A: fangs 2, regeneration 1, magic shield, antimagic bite, no device heal 3, rot
immunity
a: Evoke Berserk Rage, Evoke Flight


You were in an ossuary.
You were not hungry.

You visited 1 branch of the dungeon, and saw 4 of its levels.
You also visited: Ossuary.

You collected 166 gold pieces.

Inventory:

Missiles
 n - 6 poisoned needles
Armour
 q - the +5 ring mail of the Original Sin (worn) {Str+5}
   (You found it on level 5 of the Dungeon)

   It affects your strength (+5).
Jewellery
 e - a ring of sustain attributes (left hand)
 f - a ring of flight (right hand)
 i - an amulet of rage (around neck)
Scrolls
 a - a scroll of teleportation {unknown}
 l - a scroll of fog
 m - a scroll of immolation
Potions
 c - a potion of curing
 d - a potion of might {unknown}
 g - a potion of cancellation {unknown}
 h - 2 potions of mutation
 k - a potion of agility {unknown}
 o - a potion of heal wounds {unknown}
 r - a potion of berserk rage {unknown}
Comestibles
 b - a bread ration
 p - a royal jelly


   Skills:
 - Level 2.6 Fighting
 - Level 2.4 Dodging
 - Level 2.4 Stealth
 + Level 6.3 Unarmed Combat


You had 4 spell levels left.
You didn't know any spells.

Dungeon Overview and Level Annotations

Branches:
Dungeon (5/15)
 Temple: D:4-7

Altars:
Kikubaaqudgha
Nemelex Xobeh
Sif Muna
Trog
Xom

Annotations:
Ossuary Vex's ghost, novice TrMo


Innate Abilities, Weirdness & Mutations

You have extremely sharp teeth.
Your natural rate of healing is unusually fast.
When hurt, damage is shared between your health and your magic reserves.
Your bite disrupts and absorbs the magic of your enemies.
Potions and wands cannot restore your health.
You are immune to rotting.


Message History

Vex's ghost is moderately damaged.
Vex's ghost barely misses you.
You closely miss Vex's ghost. You bite Vex's ghost. You drain its power.
You feel invigorated.
Vex's ghost is moderately damaged.
Vex's ghost hits you.
You closely miss Vex's ghost. You bite Vex's ghost, but do no damage.
Vex's ghost is moderately damaged.
Vex's ghost hits you.
You closely miss Vex's ghost. You bite Vex's ghost. You drain its power.
You feel invigorated.
Vex's ghost is moderately damaged.
Vex's ghost closely misses you.
Your ring mail of the Original Sin prevents you from hitting Vex's ghost.
You bite Vex's ghost. You drain its power.
You feel invigorated.
Vex's ghost is moderately damaged.
You hit Vex's ghost. You bite Vex's ghost! You drain its power.
Vex's ghost is heavily damaged.
Vex's ghost hits you!!
You die...

######## ### ....... ..#
..###..# +.# #z#..# #.#
#..###..###.# ### ##########
.......W....# #z# #.....##.#
#..?!!..###.###▓#####.8.8.##'#
#..?!?..# #.W@....'.......'...
#..???..# #.###▓#####.8.8.##'#
............# #W# #.....##.#
#..###..###.# ### ##########
#.. #..# #.# #. #..# +.# ..#
###


You could see Vex's ghost.

Vanquished Creatures
  A giant frog zombie (D:5)
  An adder (D:3)
  An ooze (D:1)
  An adder zombie (Ossuary)
  5 giant geckos
  7 orcs
  9 goblins
  3 hobgoblins
  4 jackals (D:2)
  10 kobolds
  2 quokkas
  2 ball pythons (D:1)
  3 ball python skeletons (Ossuary)
  6 bats
  2 giant cockroaches (D:1)
  8 giant newts
  A hobgoblin zombie (Ossuary)
  2 kobold zombies (Ossuary)
  2 orc zombies (Ossuary)
  11 rats
81 creatures vanquished.

Notes
Turn   | Place    | Note
--------------------------------------------------------------
     0 | D:1      | Hedron the Vine Stalker Monk began the quest for the Orb.
     0 | D:1      | Reached XP level 1. HP: 11/11 MP: 2/2
   215 | D:1      | Reached XP level 2. HP: 16/16 MP: 3/3
   457 | D:1      | Reached XP level 3. HP: 13/19 MP: 4/4
   469 | D:1      | Reached skill level 5 in Unarmed Combat
  1432 | D:3      | Reached XP level 4. HP: 23/23 MP: 5/5
  1504 | D:3      | Found a deep blue altar of Sif Muna.
  1505 | D:3      | Found a bloodstained altar of Trog.
  1506 | D:3      | Found an ancient bone altar of Kikubaaqudgha.
  1506 | D:3      | Found a sparkling altar of Nemelex Xobeh.
  1509 | D:3      | Found a shimmering altar of Xom.
  1843 | D:3      | You fall through a shaft for 2 floors!
  1843 | D:5      | Entered Level 5 of the Dungeon
  1955 | D:5      | Reached skill level 6 in Unarmed Combat
  1955 | D:5      | Reached XP level 5. HP: 17/27 MP: 4/6
  1970 | D:5      | Got a fine ring mail
  1981 | D:5      | Identified the +5 ring mail of the Original Sin {Str+5} (You found it on level 5 of the Dungeon)
  1982 | D:5      | Found a sand-covered staircase.
  1990 | Ossuary  | Entered an ossuary
  2108 | Ossuary  | Noticed a flying skull
  2108 | Ossuary  | Noticed a wraith
  2115 | Ossuary  | Noticed a flying skull
  2118 | Ossuary  | Noticed Vex's ghost (novice TrMo)
  2143 | Ossuary  | Slain by Vex's ghost

Vault maps used:
D:1:      dpeg_arrival_boxes_within_box, st_stairs_5
D:3:      grunt_temple_overflow_open, minmay_misc_feat_alley, uniq_sigmund
D:5:      gup_ossuary_entry_pyramid, first_bread
Ossuary:  ossuary_due_cavern

Action                   |  1- 3 |  4- 6 || total
-------------------------+-------+-------++-------
Melee: Unarmed           |   115 |    95 ||   210
  Use: Scroll            |     5 |       ||     5
       Potion            |       |     1 ||     1
 Stab: Sleeping          |    15 |     8 ||    23
  Eat: Chunk             |     2 |     2 ||     4
